 Dungeon Crawl Stone Soup version 0.28.0-47-ge53b351184 (webtiles) character file.

Game seed: 6879663067711048809

119 Atherized the Chopper (level 4, 0/41 HPs)
             Began as a Minotaur Berserker on Apr 28, 2022.
             Was a Believer of Trog.
             Slain by Grinder (2 damage)
             ... on level 3 of the Dungeon.
             The game lasted 00:05:33 (2829 turns).

Atherized the Chopper (Minotaur Berserker)          Turns: 2829, Time: 00:05:34

Health: 0/41       AC:  0    Str: 23    XL:     4   Next: 74%
Magic:  3/3        EV: 19    Int:  4    God:    Trog [**....]
Gold:   111        SH:  0    Dex: 15    Spells: 3/3 levels left

rFire   . . .      SeeInvis .   (weapon currently unavailable)
rCold   . . .      Faith    .   (shield currently unavailable)
rNeg    . . .      Spirit   .   (armour currently unavailable)
rPois   .          Reflect  .   (helmet currently unavailable)
rElec   .          Harm     .   (cloak currently unavailable)
rCorr   .          Rampage  .   (gloves currently unavailable)
Will    .....                   (boots currently unavailable)
Stlth   ++........              (no amulet)
HPRegen 0.13/turn               (ring currently unavailable)
MPRegen 0.08/turn               (ring currently unavailable)

@: bat-form (expiring), flying, very quick
A: fast, flying, no casting, tiny, (horns 2), (retaliatory headbutt)
a: Renounce Religion, Berserk, Trog's Hand


You were on level 3 of the Dungeon.
You worshipped Trog.
Trog was pleased with you.
You were a bat.
You visited 1 branch of the dungeon, and saw 3 of its levels.

You collected 111 gold pieces.

Inventory:

Hand Weapons
 a - a +0 hand axe (melded)
Missiles
 e - a throwing net
Armour
 b - a +0 animal skin
 g - a +0 ring mail
 j - a +0 scale mail (melded)
Jewellery
 l - an amulet of magic regeneration
Scrolls
 f - a scroll of noise {unknown}
 i - 2 scrolls of identify {unknown}
Potions
 c - a potion of might {unknown}
 d - a potion of berserk rage {unknown}
 h - a potion of curing {unknown}
 k - a potion of brilliance {unknown}
 m - 2 potions of degeneration {unknown}


   Skills:
 + Level 4.4 Fighting
 + Level 5.3 Axes
 + Level 3.1 Armour
 + Level 2.7 Dodging
 + Level 0.4 Stealth


You had 3 spell levels left.
You didn't know any spells.
Your spell library was empty.

Dungeon Overview and Level Annotations

Branches:
Dungeon (3/15)

Altars:

Annotations:
D:3 Grinder


Innate Abilities, Weirdness & Mutations

You are a bat.
You are tiny and dextrous.
You move quickly.
You are flying.
Your equipment is almost entirely melded.
You are incapable of wielding weapons or throwing items.
You cannot cast spells.
((You have a pair of horns on your head.))
((You reflexively headbutt those who attack you in melee.))


Message History

You hit Grinder but do no damage.
Grinder is heavily wounded.
Grinder closely misses you.
You hit Grinder but do no damage.
Grinder is heavily wounded.
Grinder closely misses you.
You hit Grinder but do no damage.
Grinder is heavily wounded.
Grinder gestures at you. Pain shoots through your body!
You hit Grinder.
Grinder is heavily wounded.
Grinder gestures at you. Pain shoots through your body!
You hit Grinder but do no damage.
Grinder is heavily wounded.
Grinder closely misses you.
You are too injured to fight recklessly!
You barely miss Grinder.
Grinder is heavily wounded.
Grinder hits you!
* * * LOW HITPOINT WARNING * * *
You hit Grinder but do no damage.
Grinder is heavily wounded.
Grinder closely misses you.
You barely miss Grinder.
Grinder is heavily wounded.
Your transformation is almost over.
You barely miss Grinder.
Grinder is heavily wounded.
Grinder blinks!
You see here a giant cockroach corpse.
Grinder hits you.
* * * LOW HITPOINT WARNING * * *
You writhe in agony.
* * * LOW HITPOINT WARNING * * *
You hit Grinder.
Grinder is heavily wounded.
Grinder hits you.
You die...

#.# #.# .# #.# >#
##. #.# .###..
#.# ..... #.#
...# #.# ...#
#5########...#.#
#b.............#
##########....<..
.#.#.#. .# # ..
#. .# .#


You could see Grinder.

Vanquished Creatures
  An orc wizard (D:3)
  3 adders
  2 worms
  A dart slug (D:3)
  3 orcs (D:3)
  5 ball pythons
  6 endoplasms
  5 giant cockroaches
  7 hobgoblins
  2 jackals (D:3)
  2 quokkas
  3 bats (D:1)
  A frilled lizard (D:2)
  5 goblins
  2 kobolds
  5 rats
53 creatures vanquished.

Vanquished Creatures (others)
  34 plants (D:3)
34 creatures vanquished.

Grand Total: 87 creatures vanquished

Notes
Turn   | Place    | Note
-------+----------+-------------------------------------------
     0 | D:1      | Atherized the Minotaur Berserker began the quest for the
                  | Orb.
     0 | D:1      | Reached XP level 1. HP: 19/19 MP: 0/0
   330 | D:1      | Reached skill level 4 in Axes
   330 | D:1      | Reached XP level 2. HP: 24/27 MP: 1/1
   437 | D:1      | Found a faded altar of an unknown god.
   948 | D:1      | Reached XP level 3. HP: 31/33 MP: 2/2
  1645 | D:2      | Reached ** piety under Trog
  2053 | D:3      | Reached XP level 4. HP: 29/41 MP: 3/3
  2248 | D:3      | Reached skill level 5 in Axes
  2758 | D:3      | Noticed Grinder
  2766 | D:3      | Paralysed by Grinder for 4 turns
  2828 | D:3      | HP: 2/41 [Grinder (3)]
  2829 | D:3      | Slain by Grinder

Illustrated notes

Levels and vault maps discovered:
D:1:      saegor_arrival_fortress, layout_basic,
          shapermc_ecumenical_altar_totnotflames
D:2:      layout_basic
D:3:      wad_woods_tower, layout_loops_ring, minmay_door_square,
          minmay_misc_feat_nine_boxes, chequers_serial_rivers_micro_a,
          uniq_grinder

Skill      XL: |  1  2  3  4 |
---------------+-------------+-----
Axes           | 4 5 |  5.3
Fighting       | 4 |  4.4
Armour         | 3 |  3.1
Dodging        | |  2.7
Stealth        | |  0.4

Action                   |  1- 3 |  4- 6 || total
-------------------------+-------+-------++-------
Melee: Hand axe          |    82 |    40 ||   122
       Headbutt          |    11 |     7 ||    18
       Punch             |     1 |       ||     1
       Unarmed           |       |    26 ||    26
  Use: Scroll            |       |     1 ||     1
Armor: Animal skin       |    12 |       ||    12
       Ring mail         |     9 |       ||     9
       Scale mail        |     2 |    13 ||    15
Dodge: Dodged            |    50 |    39 ||    89
